[Event "Team 45 45 League T58"]
[Site "Internet Chess Club"]
[Date "2013.09.08"]
[Round "3"]
[White "room-matt"]
[Black "Tamarin"]
[Result "0-1"]
[WhiteElo "1791"]
[BlackElo "1914"]
[Opening "Caro-Kann: Goldman (Spielmann) variation"]
[ECO "B11"]
[Time "02:33:40"]
[TimeControl "2700+45"]

1. e4 c6 2. Nc3 d5 3. Qf3 d4 4. Bc4 Nf6 5. e5 dxc3 6. exf6 exf6 7. Qxc3 Bd6 8.
Qe3+ Qe7 9. Nf3 Qxe3+ 10. dxe3 Bf5 11. Nd4 Bg6 12. c3 Nd7 13. O-O O-O 14. f4 Be4
15. Rd1 Bc5 16. Nb3 Rad8 17. Rxd7 Bxe3+ 18. Bxe3 Rxd7 19. Nc5 Re7 20. Re1 Rfe8
21. Bd4 Bf5 22. Rxe7 Rxe7 23. g3 b6 24. Na6 Re1+ 25. Kf2 Rh1 26. Kg2 Be4+ 27.
Kh3 c5 28. Be3 h5 29. Nc7 Bf5+ 30. g4 Bxg4+ 31. Kg3 Re1 32. Bf2 Rb1 33. b3 Rc1
34. Nd5 Be6 35. Kh4 Bxd5 36. Bxd5 Rxc3 37. Kxh5 Rc2 38. Bg3 Rxa2 39. Bc6 Rb2 40.
Ba4 a6 41. Bc6 Rxb3 42. Bd5 Ra3 43. f5 b5 44. Be4 c4 45. Bd6 Ra1 46. h4 c3 47.
Kg4 a5 48. h5 b4 49. Bc2 Ra2 50. Bb3 Rb2 51. Ba4 c2 52. Bf4 b3 53. h6 gxh6 54.
Bxh6 Rb1 55. Be3 Re1 56. Bxb3 Rxe3 57. Bxc2 Kf8 58. Kf4 Re5 59. Bb3 Ke8 60. Bd1
Kd7 61. Bb3 Re7 62. Bd1 Kc6 63. Ba4+ Kc5 64. Bc2 Kb4 65. Bb1 a4 66. Bc2 a3 67.
Bb1 Kb3 {White resigns} 0-1

[Event "Team 45 45 League T58"]
[Site "Internet Chess Club"]
[Date "2013.09.08"]
[Round "3"]
[White "tsia68"]
[Black "drsigmund1"]
[Result "1-0"]
[WhiteElo "1734"]
[BlackElo "1587"]
[Opening "French: King's Indian attack"]
[ECO "C00"]
[Time "13:01:19"]
[TimeControl "2700+45"]

1. e4 e6 2. d3 d5 3. Nd2 c5 4. g3 Nc6 5. Bg2 d4 6. Ngf3 e5 7. Nc4 Bg4 8. a4 f6
9. Bd2 Be6 10. Qe2 Qd7 11. O-O h5 12. Nh4 Nge7 13. f4 O-O-O 14. fxe5 fxe5 15.
Na3 Kb8 16. Nf3 Ng6 17. h4 Be7 18. Ng5 Bg4 19. Qe1 Rdf8 20. Nf7 Rhg8 21. Kh2
Bxh4 22. Nxe5 Ncxe5 23. gxh4 Rxf1 24. Qxf1 Nxh4 25. Bf4 Rf8 26. Bxe5+ {Black
resigns} 1-0

[Event "Team 45 45 League T58"]
[Site "Internet Chess Club"]
[Date "2013.09.06"]
[Round "3"]
[White "TerryMalloy"]
[Black "Sir-Sinister"]
[Result "1/2-1/2"]
[WhiteElo "2027"]
[BlackElo "2044"]
[Opening "KP: Nimzovich defense"]
[ECO "B00"]
[Time "22:06:23"]
[TimeControl "2700+45"]

1. e4 Nc6 2. Nf3 d6 3. d4 Nf6 4. Nc3 g6 5. d5 Nb8 6. h3 Bg7 7. Bc4 O-O 8. O-O e5
9. dxe6 Bxe6 10. Bxe6 fxe6 11. e5 dxe5 12. Qe2 Nc6 13. Rd1 Qe7 14. Bg5 h6 15.
Bh4 Qf7 16. Bxf6 Bxf6 17. Rd3 Nd4 18. Qd1 Bg7 19. Ne4 Rad8 20. Nh2 Rd5 21. c3
Nf5 22. Qe2 Rfd8 23. Rad1 Nd6 24. Ng4 Nxe4 25. Qxe4 Rxd3 26. Rxd3 Rxd3 27. Qxd3
Qf5 28. Qd8+ Kh7 29. Qxc7 h5 30. Ne3 Qb1+ 31. Nf1 Qxb2 32. a4 Qb3 33. a5 Qd5 34.
c4 Qc6 35. Qxc6 bxc6 36. a6 {Game drawn by mutual agreement} 1/2-1/2

[Event "Team 45 45 League T58"]
[Site "Internet Chess Club"]
[Date "2013.09.07"]
[Round "3"]
[White "CzwartyWymiar"]
[Black "Buford-Julep"]
[Result "1-0"]
[WhiteElo "1962"]
[BlackElo "1727"]
[Opening "Blackmar-Diemer gambit"]
[ECO "A45"]
[Time "11:02:37"]
[TimeControl "2700+45"]

1. d4 Nf6 2. f3 d5 3. e4 dxe4 4. Nc3 exf3 5. Qxf3 g6 6. Bf4 c6 7. Qf2 Bg7 8.
O-O-O O-O 9. Nf3 Be6 10. Kb1 Qa5 11. Ng5 Nd5 12. Nxd5 Bxd5 13. c4 h6 14. cxd5
hxg5 15. Bxg5 Qxd5 16. h4 e5 17. h5 exd4 18. h6 Be5 19. h7+ Kh8 20. Bf6+ Bxf6
21. Qxf6# {Black checkmated} 1-0

[Event "Team 45 45 League T58"]
[Site "Internet Chess Club"]
[Date "2013.09.09"]
[Round "3"]
[White "Packerfan"]
[Black "elmaestro"]
[Result "0-1"]
[WhiteElo "1677"]
[BlackElo "1829"]
[Opening "Sicilian: Alapin's variation (2.c3)"]
[ECO "B22"]
[Time "09:06:54"]
[TimeControl "2700+45"]

1. e4 c5 2. c3 d6 3. d4 cxd4 4. cxd4 a6 5. Nf3 Nf6 6. Nc3 g6 7. Be2 Bg7 8. O-O
O-O 9. Bg5 h6 10. Be3 Ng4 11. Qd2 Nxe3 12. fxe3 Nc6 13. Rac1 Bd7 14. a3 Na5 15.
Qc2 Rc8 16. Nd2 b5 17. b4 Nc6 18. Qb3 e6 19. Bf3 Qg5 20. Ncb1 h5 21. Be2 Qh6 22.
Nf3 g5 23. Nbd2 g4 24. Ne1 Nxd4 25. exd4 Bxd4+ 26. Kh1 Rxc1 27. Qd3 Bc3 28. Qxd6
Qxd2 29. Bd3 Rxe1 {White resigns} 0-1

[Event "Team 45 45 League T58"]
[Site "Internet Chess Club"]
[Date "2013.09.09"]
[Round "3"]
[White "Hal2001"]
[Black "bondguy01"]
[Result "0-1"]
[WhiteElo "1579"]
[BlackElo "1713"]
[Opening "Sicilian: Grand Prix attack"]
[ECO "B23"]
[Time "18:03:50"]
[TimeControl "2700+45"]

1. e4 c5 2. Nc3 Nc6 3. f4 e6 4. Bb5 Nd4 5. Nf3 a6 6. Nxd4 cxd4 7. Ne2 axb5 8.
Nxd4 Bc5 9. Nb3 Bb6 10. d4 Nf6 11. Qe2 b4 12. O-O O-O 13. Kh1 d5 14. e5 Ne4 15.
Qg4 f5 16. Qh3 Bd7 17. Bd2 Nxd2 18. Nxd2 Bxd4 19. c3 bxc3 20. bxc3 Bc5 21. Rf3
Qe7 22. Nb3 b6 23. Nd4 Bxd4 24. cxd4 Ra4 25. Rd3 Rfa8 26. a3 b5 27. g4 b4 28.
gxf5 exf5 29. Rb3 Rxa3 {White resigns} 0-1